 Dungeon Crawl Stone Soup version 0.18-a0-1760-gbb863503 (webtiles) character file.

16 Crag the Digger (level 2, 0/36 HPs)
             Began as a Draconian Earth Elementalist on Apr 13, 2016.
             Slain by an ooze (1 damage)
             ... on level 1 of the Dungeon.
             The game lasted 00:02:17 (597 turns).

Crag the Digger (Draconian Earth Elementalist)       Turns: 597, Time: 00:02:17

Health: 0/36       AC: 21    Str: 10    XL:     2   Next: 41%
Magic:  5/5        EV:  2    Int: 15    God:
Gold:   0          SH:  0    Dex: 11    Spells: 1 memorised, 4 levels left

rFire  . . .     SeeInvis .     e - +0 club
rCold  . . .     Gourm    .     (armour unavailable)
rNeg   + + +     Faith    +     (no shield)
rPois  +         Spirit   .     (helmet currently unavailable)
rElec  .         Dismiss  .     (cloak currently unavailable)
rCorr  .         Reflect  .     (gloves currently unavailable)
SustAt .         Harm     .     (boots currently unavailable)
MR     .....     NoTele   +     f - amulet of faith
Stlth  ++........               (no ring)
                                (no ring)

@: tree-form, not resistant to hostile enchantments, unstealthy
A: unfitting armour, (cold-blooded), AC +4
a: no special abilities


You were on level 1 of the Dungeon.
You were not hungry.
You were a tree.
You visited 1 branch of the dungeon, and saw 1 of its levels.

Inventory:

Hand Weapons
 e - a +0 club (weapon)
Missiles
 a - 34 stones (quivered)
Jewellery
 f - an amulet of faith (around neck)
Scrolls
 d - 2 scrolls of identify {unknown}
Books
 b - a book of Geomancy

   Spells                             Type                      Level
   a - Sandblast                      Earth                        1
   b - Passwall                       Transmutation/Earth          2
   c - Stone Arrow                    Conjuration/Earth            3
   d - Petrify                        Transmutation/Earth          4
   e - Lee's Rapid Deconstruction     Earth                        5
Comestibles
 c - 2 bread rations
 g - 2 slices of pizza
 h - a chunk of flesh
 i - a beef jerky


   Skills:
 - Level 2.0 Fighting
 - Level 1.7 Dodging
 - Level 1.7 Stealth
 - Level 2.0 Spellcasting
   Level 1.0 Transmutations
 + Level 3.2 Earth Magic


You had 4 spell levels left.
You knew the following spells:

 Your Spells              Type           Power        Failure   Level  Hunger
a - Sandblast             Erth           ##....       8%          1    #......


Dungeon Overview and Level Annotations

Branches:
Dungeon (1/15)

Altars:


Innate Abilities, Weirdness & Mutations

((Your plain brown scales are hard (AC +4).))
Your body does not fit into most forms of armour.
((You are cold-blooded and may be slowed by cold attacks.))


Message History

The ooze hits you but does no damage.
You barely miss the kobold.
The kobold is moderately wounded.
The kobold hits you but does no damage. The ooze hits you but does no damage.
You hit the kobold but do no damage.
The kobold is moderately wounded.
The kobold hits you but does no damage. The ooze hits you but does no damage.
The kobold hits you with a whip.
* * * LOW HITPOINT WARNING * * *
The ooze hits you.
* * * LOW HITPOINT WARNING * * *
You aren't carrying any potions.
You hit the kobold but do no damage.
The kobold is moderately wounded.
The kobold hits you but does no damage. The ooze hits you but does no damage.
You hit the kobold.
You kill the kobold!
The ooze hits you but does no damage.
You hit the ooze but do no damage. The ooze hits you.
You die...

.. #.# ..##.#
#...#.#... #.#
#.##.# #...#.....
..#
#.##.#####.......#.
..
#.......÷....#.....
#..#†######..#.#.#.
#..#.$.......#.#.#.
#.....$###..#.#.#
..#####......#
#..#.#.#
#.....J♣.....#
#..#.#
......)......#
#..#.#
#.......#....#
#............#
.........#.#.......
.........#.#.###.#.
.#.#.#.#.#.. # #...
#.#.#. .# .. #...
#...


You could see an ooze.

Vanquished Creatures
  2 giant geckos (D:1)
  2 bats (D:1)
  A giant cockroach (D:1)
  3 goblins (D:1)
  2 hobgoblins (D:1)
  A giant newt (D:1)
  2 kobolds (D:1)
13 creatures vanquished.

Notes
Turn   | Place    | Note
--------------------------------------------------------------
     0 | D:1      | Crag the Draconian Earth Elementalist began the quest for the Orb.
     0 | D:1      | Reached XP level 1. HP: 14/14 MP: 3/3
    48 | D:1      | Reached skill level 1 in Fighting
   295 | D:1      | Reached XP level 2. HP: 20/24 MP: 5/5
   594 | D:1      | HP: 1/36 [ooze (1)]
   597 | D:1      | Slain by an ooze

Vault maps used:
D:1:      minmay_arrival_diagonal_passages, minmay_misc_feat_rows

Skill      XL: |  1  2 |
---------------+-------+-----
Fighting       | 1 2 |  2.0
Dodging        | |  1.7
Stealth        | |  1.7
Spellcasting   | |  2.0
Transmutations | |  1.0
Earth Magic    | |  3.2

Action                   || total
-------------------------++-------
Melee: Club              ||    53
       Tailslap          ||     7
       Unarmed           ||     3
 Cast: Sandblast         ||     3
  Use: Potion            ||     1
 Stab: Sleeping          ||     2
Armor: Skin              ||    28
Dodge: Dodged            ||    52
